 Dungeon Crawl Stone Soup version 0.22.1-1-ga44c0e5 (webtiles) character file.

6496 Fang the Cleaver (level 11, -2/69 HPs)
             Began as a Gargoyle Berserker on Oct 3, 2018.
             Was a High Priest of Trog.
             Slain by a death yak (15 damage)
             ... on level 9 of the Dungeon.
             The game lasted 00:14:20 (8557 turns).

Fang the Cleaver (Gargoyle Berserker)               Turns: 8557, Time: 00:14:21

Health: -2/69      AC: 20    Str: 25    XL:     11   Next: 0%
Magic:  11/11      EV:  9    Int:  7    God:    Trog [*****.]
Gold:   648        SH:  0    Dex:  9    Spells: 10/10 levels left

rFire    . . .     SeeInvis .   n - +1 war axe (chop)
rCold    . . .     Gourm    .   (no shield)
rNeg     + + .     Faith    .   x - +0 plate armour (curse)
rPois    ∞         Spirit   .   (no helmet)
rElec    +         Reflect  .   (no cloak)
rCorr    .         Harm     .   (no gloves)
MR       .....                  (no boots)
Stlth    ..........             (no amulet)
HPRegen  0.21/turn              o - ring of positive energy
MPRegen  0.12/turn              t - ring of flight

@: no status effects
A: negative energy resistance 1, electricity resistance, unbreathing,
petrification resistance, rot immunity, AC +8
a: Berserk, Trog's Hand, Brothers in Arms, Renounce Religion, Evoke Flight


You were on level 9 of the Dungeon.
You worshipped Trog.
Trog was extremely pleased with you.
You were near starving.

You visited 2 branches of the dungeon, and saw 10 of its levels.

You collected 648 gold pieces.

Inventory:

Hand Weapons
 a - a +0 hand axe
 n - a +1 war axe of chopping (weapon)
 w - a +2 hand axe of freezing
 A - a +2 broad axe of flaming
Armour
 b - a +0 animal skin
 x - a cursed +0 plate armour (worn)
Jewellery
 o - a ring of positive energy (left hand)
 t - a ring of flight (right hand)
 E - an uncursed ring of magical power {unknown}
 H - an uncursed amulet of faith {unknown}
 J - an uncursed ring of protection from fire {unknown}
Wands
 p - a wand of acid (5)
 z - a wand of disintegration (10)
 B - a wand of enslavement (21)
 G - a wand of scattershot (8)
Scrolls
 d - 2 scrolls of fear {unknown}
 e - 12 scrolls of identify {unknown}
 f - 7 scrolls of remove curse {unknown}
 h - 5 scrolls of teleportation {unknown}
 i - 2 scrolls of magic mapping {unknown}
 j - 2 scrolls of enchant weapon {unknown}
 k - 5 scrolls of fog {unknown}
 l - 2 scrolls of blinking {unknown}
 m - 2 scrolls of amnesia {unknown}
 q - 2 scrolls of enchant armour {unknown}
 v - a scroll of holy word {unknown}
 y - a scroll of torment {unknown}
Potions
 g - 5 potions of curing {unknown}
 r - 2 potions of degeneration {unknown}
 s - 3 potions of flight {unknown}
 u - 3 potions of heal wounds
 C - a potion of cancellation {unknown}
 D - a potion of haste
 F - a potion of resistance {unknown}
 I - a potion of berserk rage {unknown}
Comestibles
 c - 16 rations


   Skills:
 + Level 8.8 Fighting
 + Level 11.4 Axes
 + Level 4.6 Armour
 + Level 5.3 Dodging
 + Level 3.7 Stealth


You had 10 spell levels left.
You didn't know any spells.
Your spell library was empty.

Dungeon Overview and Level Annotations

Branches:
Dungeon (9/15)             Temple (1/1) D:7
   Lair: D:8-11         Orc: D:9-12

Altars:
Ashenzari
Cheibriados
Dithmenos
Elyvilon
Fedhas
Hepliaklqana
Kikubaaqudgha
Makhleb
Nemelex Xobeh
Ru
Sif Muna
Wu Jian
Xom
Yredelemnul
Zin
The Shining One

Shops:
D:8 }=(


Innate Abilities, Weirdness & Mutations

You are resistant to torment.
Your stone body is resilient. (AC +8)
You are immune to poison.
You resist negative energy. (rN+)
You are resistant to electric shocks. (rElec)
You can survive without breathing.
You are immune to petrification.
You are immune to rotting.


Message History

You hit the death yak.
The death yak is heavily wounded.
You closely miss the hog. You hit the hog but do no damage.
The hog bites you but does no damage. The hog bites you.
The death yak gores you!
* * * LOW HITPOINT WARNING * * *
Unknown command.
You slash the death yak!
The death yak is severely wounded.
You slash the hog! You hit the hog. The hog bites you.
* * * LOW HITPOINT WARNING * * *
The hog closely misses you.
Unknown command.
You hit the death yak but do no damage.
The death yak is severely wounded.
You slash the hog! You hit the hog. The hog bites you but does no damage.
The hog bites you.
* * * LOW HITPOINT WARNING * * *
The death yak gores you!
You die...

###..#..#.....# #..##.#
....#.......≈≈ #..####
..##.......≈≈ #..#
##........≈≈ #..#
#..........≈ #..#
#........... #>.#
#........... ###..#
#....h......
.....########...@Y....#
###.............h.....#
#................#'##
#.#####..######### .#
#.# #..# . #.# #..# #.#
#..# #.# #..# #.# #..#
###


You could see a death yak and 2 hogs.

Vanquished Creatures
  A cyclops (D:9)
  2 polar bears (D:9)
  5 hippogriffs
  A yak (D:9)
  A hog (D:9)
  2 humans
  Grum (D:8)
  Duvessa (D:5)
  5 orc warriors
  An ice beast (D:5)
  2 black bears
  2 phantoms
  4 ogres
  5 wolves
  The ghost of Plaidstone the Caller, an amateur DsSu of Ru (D:3)
  A big kobold (D:8)
  A bullfrog (D:6)
  Dowan (D:5)
  A wyvern zombie (D:3)
  A wyvern skeleton (D:3)
  2 scorpions
  5 wights (D:6)
  A howler monkey (D:9)
  4 crimson imps
  3 centaur zombies
  A bullfrog zombie (D:7)
  2 centaur skeletons
  9 hounds
  7 orc priests
  12 orc wizards
  Terence (D:2)
  4 worker ants
  2 hound skeletons
  A killer bee simulacrum (D:9)
  A howler monkey zombie (D:8)
  2 worker ant zombies
  Robin (D:2)
  6 adders
  4 shadow imps
  3 white imps (D:9)
  A worker ant simulacrum (D:9)
  An ufetubus (D:9)
  4 adder skeletons
  4 adder zombies
  3 worms
  2 dart slugs
  9 leopard geckos
  35 orcs
  12 bats
  6 giant cockroaches
  11 hobgoblins
  7 quokkas
  2 ball pythons
  2 frilled lizards
  A giant cockroach zombie (D:5)
  18 goblins
  2 jackal skeletons
  15 kobolds
  A leopard gecko skeleton (D:5)
  2 leopard gecko zombies
  6 rats
254 creatures vanquished.

Notes
Turn   | Place    | Note
-------+----------+-------------------------------------------
     0 | D:1      | Fang the Gargoyle Berserker began the quest for the Orb.
     0 | D:1      | Reached XP level 1. HP: 14/14 MP: 1/1
   231 | D:1      | Reached XP level 2. HP: 19/19 MP: 2/2
   325 | D:1      | Reached skill level 3 in Axes
   577 | D:1      | Reached XP level 3. HP: 19/24 MP: 3/3
   634 | D:2      | Reached ** piety under Trog
   799 | D:2      | Noticed Robin
   809 | D:2      | Killed Robin
   809 | D:2      | Reached XP level 4. HP: 29/29 MP: 4/4
   835 | D:2      | Found a runed door.
   835 | D:2      | Noticed a human
   929 | D:2      | Found a basalt altar of Yredelemnul.
   999 | D:2      | Killed a human
   999 | D:2      | Reached skill level 4 in Axes
   999 | D:2      | Reached XP level 5. HP: 33/33 MP: 5/5
  1126 | D:2      | Noticed Terence
  1140 | D:2      | Killed Terence
  1140 | D:2      | Reached XP level 6. HP: 32/38 MP: 6/6
  1483 | D:3      | Reached *** piety under Trog
  1483 | D:3      | Reached skill level 5 in Axes
  2044 | D:3      | Found a runed gate.
  2044 | D:3      | Found a runed gate.
  2046 | D:3      | Found a runed gate.
  2049 | D:3      | Noticed Plaidstone's ghost (amateur DsSu)
  2063 | D:3      | Reached XP level 7. HP: 44/44 MP: 7/7
  2115 | D:3      | Killed Plaidstone's ghost
  2115 | D:3      | Reached skill level 1 in Stealth
  2118 | D:3      | Reached skill level 5 in Fighting
  2118 | D:3      | Reached skill level 6 in Axes
  2240 | D:3      | Reached **** piety under Trog
  2933 | D:4      | Reached XP level 8. HP: 46/49 MP: 8/8
  3206 | D:4      | Reached skill level 7 in Axes
  3375 | D:4      | Found a deep blue altar of Sif Muna.
  3505 | D:5      | Entered Level 5 of the Dungeon
  3760 | D:5      | Found a shattered altar of Ashenzari.
  4357 | D:5      | Reached skill level 8 in Axes
  4443 | D:5      | Noticed Dowan
  4444 | D:5      | Noticed Duvessa
  4451 | D:5      | Killed Duvessa
  4451 | D:5      | Reached XP level 9. HP: 55/55 MP: 9/9
  4452 | D:5      | Killed Dowan
  5113 | D:6      | Reached ***** piety under Trog
  5320 | D:6      | Reached skill level 9 in Axes
  5373 | D:6      | Found a glowing golden altar of the Shining One.
  5373 | D:6      | Found a hazy altar of Hepliaklqana.
  5377 | D:6      | Found an ancient bone altar of Kikubaaqudgha.
  5377 | D:6      | Found a blossoming altar of Fedhas.
  5663 | D:6      | Found a basalt altar of Yredelemnul.
  5666 | D:6      | Found a sacrificial altar of Ru.
  5667 | D:6      | Found a glowing silver altar of Zin.
  5668 | D:6      | Found a burning altar of Makhleb.
  5669 | D:6      | Found a shadowy altar of Dithmenos.
  5736 | D:7      | Reached skill level 5 in Dodging
  6139 | D:7      | Found a snail-covered altar of Cheibriados.
  6297 | D:7      | Reached XP level 10. HP: 60/63 MP: 10/10
  6584 | D:7      | Found a staircase to the Ecumenical Temple.
  6752 | Temple   | Entered the Ecumenical Temple
  6834 | D:8      | Reached skill level 10 in Axes
  6906 | D:8      | Found Ugeteq's Weapon Shop.
  6922 | D:8      | Received a gift from Trog
  6962 | D:8      | Found an ornate altar of the Wu Jian Council.
  6963 | D:8      | Found a shimmering altar of Xom.
  7108 | D:8      | Found Ythric's Gadget Boutique.
  7159 | D:8      | Noticed Grum
  7176 | D:8      | Killed Grum
  7331 | D:8      | Found Rat Homp's Jewellery Boutique.
  8232 | D:9      | Noticed a cyclops
  8248 | D:9      | Killed a cyclops
  8248 | D:9      | Reached skill level 11 in Axes
  8542 | D:9      | Noticed a death yak
  8550 | D:9      | Reached XP level 11. HP: 63/69 MP: 11/11
  8557 | D:9      | Slain by a death yak

Skill      XL: |  1  2  3  4  5  6  7  8  9 10 |
---------------+-------------------------------+-----
Axes           | 3 4 5 6 8 9 11 | 11.4
Dodging        | 2 3 4 5 |  5.3
Fighting       | 4 5 6 7 8 |  8.8
Stealth        | 1 2 3 |  3.7
Armour         | 4 |  4.6

Action                   |  1- 3 |  4- 6 |  7- 9 | 10-12 || total
-------------------------+-------+-------+-------+-------++-------
Melee: Hand axe          |    95 |   140 |       |       ||   235
       War axe           |       |     8 |   332 |   270 ||   610
Invok: Berserk           |     2 |     4 |     8 |     3 ||    17
 Stab: Sleeping          |       |       |     3 |       ||     3
  Eat: Chunk             |       |     9 |    18 |     9 ||    36
       Ration            |       |       |     1 |       ||     1
Armor: Animal skin       |    39 |    55 |   130 |       ||   224
       Plate armour      |       |       |    23 |   197 ||   220
Dodge: Dodged            |    77 |    97 |   226 |   121 ||   521
